 Dungeon Crawl Stone Soup version 0.25.0-33-gff14898491 (webtiles) character file.

Game seed: 1312042470327010727

151 Peloso the Covered (level 5, -13/41 HPs)
             Began as a Demonspawn Fighter on July 6, 2020.
             Mangled by a crocodile (15 damage)
             ... in a sewer.
             The game lasted 00:05:38 (2533 turns).

Peloso the Covered (Demonspawn Fighter)             Turns: 2533, Time: 00:05:39

Health: -13/41     AC: 11    Str: 17    XL:     5   Next: 11%
Magic:  5/5        EV:  9    Int:  9    God:
Gold:   123        SH:  9    Dex: 17    Spells: 4/4 levels left

rFire    . . .     SeeInvis .   a - +0 long sword
rCold    . . .     Gourm    .   c - +0 kite shield
rNeg     . . .     Faith    .   v - +0 chain mail
rPois    .         Spirit   .   w - +1 hat
rElec    .         Reflect  .   (no cloak)
rCorr    .         Harm     .   g - +0 pair of gloves
MR       .....                  (no boots)
Stlth    ..........             (no amulet)
HPRegen  0.13/turn              h - +4 ring of evasion
MPRegen  0.09/turn              u - ring of flight

@: mighty
A: thin skeletal structure 2, demonic guardian 1
a: Evoke Flight


You were in a sewer.
You were not hungry.

You visited 1 branch of the dungeon, and saw 3 of its levels.
You also visited: Sewer.

You collected 123 gold pieces.

Inventory:

Hand Weapons
 a - a +0 long sword (weapon)
Armour
 c - a +0 kite shield (worn)
 g - a +0 pair of gloves (worn)
 m - a +0 scale mail
 v - a +0 chain mail (worn)
 w - a +1 hat (worn)
Jewellery
 h - a +4 ring of evasion (left hand)
 u - a ring of flight (right hand)
Scrolls
 b - a scroll of fear {unknown}
 i - 2 scrolls of remove curse
 j - 2 scrolls of magic mapping {unknown}
 k - a scroll of fog {unknown}
 l - a scroll of enchant weapon {unknown}
 p - a scroll of identify {unknown}
 r - a scroll of teleportation {unknown}
 s - a scroll of immolation {unknown}
Potions
 d - a potion of might
 n - a potion of heal wounds {unknown}
 o - a potion of flight {unknown}
 q - a potion of resistance
 t - a potion of berserk rage {unknown}
Comestibles
 f - 4 rations


   Skills:
 + Level 3.5 Fighting
 + Level 2.6 Long Blades
 + Level 3.7 Armour
 + Level 1.1 Dodging
 + Level 0.3 Stealth
 + Level 3.4 Shields


You had 4 spell levels left.
You didn't know any spells.
Your spell library was empty.

Dungeon Overview and Level Annotations

Branches:
Dungeon (3/15)              Sewer (1/1)

Altars:
Nemelex Xobeh


Innate Abilities, Weirdness & Mutations

You have a moderately thin skeletal structure. (Dex +4, Stealth+)
A weak demonic guardian rushes to your aid.


Message History

You block the crocodile's attack. The crocodile bites you!
You slash the crocodile!
The crocodile is heavily wounded.
The crocodile bites you!
You hit the crocodile.
The crocodile is severely wounded.
The crocodile bites you!
* * * LOW HITPOINT WARNING * * *
The crocodile completely misses you.
You riposte.
Your chain mail prevents you from hitting the crocodile.
The crocodile is severely wounded.
You feel better. You block the crocodile's attack.
You feel very mighty all of a sudden. The crocodile bites you!
* * * LOW HITPOINT WARNING * * *
Unknown command.
Your shield and chain mail prevent you from hitting the crocodile.
The crocodile is severely wounded.
The crocodile bites you!
You die...

##...## ##.##
#.# #.# #.# #.#
. #.#
....####.#######
......t@........
....############
.


You could see a crocodile.

Vanquished Creatures
  Terence (D:2)
  3 gnolls
  2 adders (D:2)
  2 river rats (D:3)
  An ooze (D:2)
  A worm (D:2)
  A dart slug (D:2)
  2 leopard geckos
  2 orcs
  2 ball pythons
  5 giant cockroaches
  3 goblins
  2 hobgoblins (D:1)
  12 bats
  3 frilled lizards
  6 kobolds
  4 rats
52 creatures vanquished.

Vanquished Creatures (collateral kills)
  A gnoll (D:2)
1 creature vanquished.

Grand Total: 53 creatures vanquished

Notes
Turn   | Place    | Note
-------+----------+-------------------------------------------
     0 | D:1      | Peloso the Demonspawn Fighter began the quest for the Orb.
     0 | D:1      | Reached XP level 1. HP: 18/18 MP: 1/1
   231 | D:1      | Gained mutation: You have a somewhat thin skeletal
                  | structure. (Dex +2, Stealth) [demonic ancestry]
   231 | D:1      | Reached XP level 2. HP: 24/24 MP: 2/2
  1128 | D:2      | Gained mutation: You have a moderately thin skeletal
                  | structure. (Dex +4, Stealth+) [demonic ancestry]
  1128 | D:2      | Reached XP level 3. HP: 29/29 MP: 3/3
  1141 | D:2      | Noticed Terence
  1163 | D:2      | Killed Terence
  1398 | D:2      | Gained mutation: A weak demonic guardian rushes to your
                  | aid. [demonic ancestry]
  1398 | D:2      | Reached XP level 4. HP: 35/35 MP: 4/4
  1880 | D:2      | Reached skill level 1 in Dodging
  1885 | D:2      | Found a sparkling altar of Nemelex Xobeh.
  2222 | D:3      | Found a glowing drain.
  2251 | D:3      | Reached XP level 5. HP: 10/41 MP: 5/5
  2443 | Sewer    | Entered a sewer
  2520 | Sewer    | Noticed a crocodile
  2532 | Sewer    | HP: 1/41 [crocodile (9)]
  2533 | Sewer    | Mangled by a crocodile

Illustrated notes

Levels and vault maps discovered:
D:1:      dpeg_arrival_orchard, layout_basic
D:2:      layout_rooms, first_ration, minmay_strange_pillars,
          nemelex_dance_club_becter, uniq_terence
D:3:      layout_loops_corners, led_sif_book, portal_sewer_entry_b,
          dk_yredelemnul_ordeal, uniq_grinder
Sewer:    sewer_big_baddie

Skill      XL: |  1  2  3  4 |
---------------+-------------+-----
Shields        | 3 |  3.4
Long Blades    | 2 |  2.6
Armour         | 3 |  3.7
Dodging        | 1 |  1.1
Fighting       | |  3.5
Stealth        | |  0.3

Action                   |  1- 3 |  4- 6 || total
-------------------------+-------+-------++-------
Melee: Long sword        |    89 |    96 ||   185
  Use: Potion            |     4 |     2 ||     6
       Scroll            |       |     1 ||     1
 Stab: Sleeping          |       |     2 ||     2
  Eat: Chunk             |     1 |     5 ||     6
Armor: Scale mail        |    51 |    52 ||   103
       Chain mail        |       |    26 ||    26
Dodge: Dodged            |    30 |    92 ||   122
Block: Kite shield       |    58 |    79 ||   137
       Rpst.: Long sword |     6 |    28 ||    34
